 Dungeon Crawl Stone Soup version 0.31.0-32-g396128a36d (webtiles) character file.

Game seed: 15896814151994403130

46 Doomgape the Trooper (level 3, -1/24 HPs)
             Began as a Gargoyle Fighter on Mar 30, 2024.
             Slain by a gnoll
             ... wielding a +0 spear
              (7 damage)
             ... on level 2 of the Dungeon.
             The game lasted 00:01:54 (842 turns).

Doomgape the Trooper (Gargoyle Fighter)              Turns: 842, Time: 00:01:54

Health: -1/24      AC: 14    Str: 21    XL:     3   Next: 66%
Magic:  3/3        EV:  5    Int:  8    God:
Gold:   32         SH:  4    Dex:  9    Spells: 2/2 levels left

rFire   . . .        a - +0 flail
rCold   . . .        c - +0 buckler
rNeg    + . .        e - +0 plate armour
rPois   ∞            (no helmet)
rElec   +            (no cloak)
rCorr   .            (no gloves)
SInv    .            (no boots)
Will    .....        (no amulet) Stlth
                     (no ring)
HPRegen 0.24/turn    (no ring)
MPRegen 0.08/turn

%: no passive effects
@: no status effects
A: sickness immunity, AC +3, negative energy resistance 1, electricity
resistance, torment resistance 1, petrification resistance
a: no special abilities


You were on level 2 of the Dungeon.
You visited 1 branch of the dungeon, and saw 2 of its levels.

You collected 32 gold pieces.

Inventory:

Hand Weapons
 a - a +0 flail (weapon)
Armour
 c - a +0 buckler (worn)
 e - a +0 plate armour (worn)
Jewellery
 h - a ring of flight
Scrolls
 f - 2 scrolls of identify {unknown}
 g - a scroll of noise {unknown}
 k - a scroll of revelation {unknown}
 l - a scroll of amnesia {unknown}
Potions
 b - 2 potions of lignification {unknown}
 d - a potion of might
 i - a potion of mutation {unknown}
 j - 3 potions of enlightenment {unknown}


   Skills:
 + Level 3.8 Fighting
 + Level 2.6 Maces & Flails
 + Level 3.7 Armour
 + Level 3.7 Shields


You had 2 spell levels left.
You didn't know any spells.
Your spell library contained the following spells:

 Spells                   Type           Power      Damage    Failure   Level
 Summon Small Mammal      Summ           0%         N/A       100%        1
 Call Canine Familiar     Summ           0%         N/A       100%        3
 Summon Blazeheart Golem  Fire/Summ      0%         N/A       100%        4


Dungeon Overview and Level Annotations

Branches:
Dungeon (2/15)

Altars:

Shops:
D:1 ?


Innate Abilities, Weirdness & Mutations

You are immune to sickness and miasma.
Your stone body is resilient. (AC +3)
You are immune to poison.
You resist negative energy. (rN+)
You are resistant to electric shocks. (rElec)
You are resistant to unholy torment.
You are immune to petrification.


Message History

The gnoll hits you with a +0 whip.
You completely miss the gnoll. The gnoll hits you but does no damage.
The gnoll barely misses you.
You hit the gnoll.
The gnoll is lightly wounded.
The gnoll completely misses you. The gnoll hits you but does no damage.
You block the gnoll's attack. The gnoll barely misses you.
The gnoll hits you but does no damage. The gnoll hits you but does no damage.
Found a scimitar.
You closely miss the gnoll. You block the gnoll's attack. x2
You sock the gnoll!
The gnoll is severely wounded.
The gnoll hits you with a +0 flail. You block the gnoll's attack.
You completely miss the gnoll.
The gnoll is lightly wounded.
The gnoll hits you but does no damage.
You barely miss the gnoll.
The gnoll is lightly wounded.
The gnoll hits you with a +0 whip. The gnoll hits you but does no damage.
The gnoll barely misses you. The gnoll hits you but does no damage.
You sock the gnoll!
You kill the gnoll!
The gnoll hits you but does no damage. The gnoll barely misses you.
You sock the gnoll!
You kill the gnoll!
You block the gnoll's attack. You block the gnoll's attack.
Items here: )) ††.
You hit the gnoll but do no damage. The gnoll hits you with a +0 spear.
* * * LOW HITPOINT WARNING * * *
The gnoll hits you but does no damage.
You barely miss the gnoll. The gnoll hits you but does no damage.
You hit the gnoll.
The gnoll is moderately wounded.
You block the gnoll's attack.
You sock the gnoll!
The gnoll is almost dead.
The gnoll hits you with a +0 spear!
You die...

#...#### ##......###
##....##...####
...####..##..###..>.#
.......<........#...###
.
..>##.######.##..<.....
).. ... #..###...###
.....###### ##.###.###
# ...(....@.#
#..##.##### ####.####g#
###.....##[..
#.####.###..........##
#............♣..#####
....#≈~~≈~...♣♣..#
###..~###~#......#
#...~ ≈≈≈##.....#
##..≈≈#≈≈##...### #...S
#≈~...#.#


You could see a gnoll.

Vanquished Creatures
  2 gnolls (D:2)
  An adder (D:2)
  A ball python (D:1)
  An endoplasm (D:1)
  A giant cockroach (D:1)
  2 goblins (D:1)
  A hobgoblin (D:1)
  3 jackals (D:1)
  2 kobolds (D:1)
  A quokka (D:1)
  A bat (D:1)
  A rat (D:1)
17 creatures vanquished.

Notes
Turn   | Place    | Note
-------+----------+-------------------------------------------
     0 | D:1      | Doomgape the Gargoyle Fighter began the quest for the Orb.
     0 | D:1      | Reached XP level 1. HP: 14/14 MP: 1/1
   222 | D:1      | Reached XP level 2. HP: 19/19 MP: 2/2
   238 | D:1      | Found Ciusch's Magic Scroll Boutique.
   823 | D:2      | Reached XP level 3. HP: 23/23 MP: 3/3
   842 | D:2      | Slain by a gnoll

Illustrated notes

Levels and vault maps discovered:
D:1:      kilobyte_arrival_exit_the_forest, layout_loops_ring, serial_aquarium,
          aquarium_bridge_square [aquarium_subvault_window,
          aquarium_subvault_window, aquarium_subvault_wall,
          aquarium_subvault_bridge], aquarium_window_corner,
          aquarium_window_corridor_3, aquarium_window_1, aquarium_window_fake,
          aquarium_view_2b, aquarium_view_2b, aquarium_balcony_1a, serial_shops,
          shop_scrolls
D:2:      minmay_angry_zag, layout_rooms, serial_park_tiny_1,
          minmay_crystal_water

Action                     || total
---------------------------++-------
  Melee: Flail             ||    79
 Armour: Scale mail        ||    14
         Plate armour      ||    86
  Dodge: Dodged            ||    24
  Block: Buckler           ||    25
